[ PARTIDA AOE2 · #483226498 ]
Team RMJaponeses vs Huns
[ ANÁLISIS DE REPETICIÓN · EXTRAÍDO DE LA PARTIDA GRABADA ]
Feudal
10:11
Castillos
—
Imperial
—
| APM promedio | 22.5 |
| APM pico | 52 |
| eAPM promedio | 10.9 |
| Aldeanos / militares | 33 / 7 |
Foco
⚔️ 12.6% · 🌾 87.4%
Scout Cavalry ×7
Feudal
11:47
Castillos
—
Imperial
—
| APM promedio | 16.9 |
| APM pico | 26 |
| eAPM promedio | 9.9 |
| Aldeanos / militares | 34 / 9 |
Foco
⚔️ 16.4% · 🌾 83.6%
Militia ×9
Feudal
13:33
Castillos
—
Imperial
—
| APM promedio | 21.2 |
| APM pico | 47 |
| eAPM promedio | 9.0 |
| Aldeanos / militares | 24 / 0 |
Foco
⚔️ 23.7% · 🌾 76.3%
Feudal
11:06
Castillos
—
Imperial
—
| APM promedio | 13.2 |
| APM pico | 39 |
| eAPM promedio | 7.5 |
| Aldeanos / militares | 25 / 3 |
Foco
⚔️ 12.6% · 🌾 87.4%
Scout Cavalry ×3
Mapa de la partida
Recursos iniciales + cada clic de construcción. Líneas = muros · curvas = relieve. ◆ oro · ⬟ piedra · ● bayas · ✦ reliquia · ◌ hueco del cierre
Tu base· Abierta — flanco sin cerrar
Base de Specimen-7· Abierta — flanco sin cerrar
Base de Twelfth· Abierta — flanco sin cerrar
Base de Kita· Abierta — flanco sin cerrar
Terreno inicial suavizado · ◌ = hueco del cierre detectado · pasá el cursor para detalles
Inputs por minuto
— HubHarshlyCream - - Specimen-7
Build order — HubHarshlyCream
75 acciones detectadas en el replay
| 0:01 | Crear | Villager (Male) |
| 0:01 | Crear | Villager (Male) |
| 0:01 | Crear | Villager (Male) |
| 0:03 | Construir | House |
| 0:05 | Construir | House |
| 0:38 | Crear | Villager (Male) |
| 0:39 | Crear | Villager (Male) |
| 1:41 | Crear | Villager (Male) |
| 1:42 | Crear | Villager (Male) |
| 1:53 | Crear | Villager (Male) |
| 1:53 | Crear | Villager (Male) |
| 2:15 | Construir | Lumber Camp |
| 2:28 | Crear | Villager (Male) |
| 2:28 | Crear | Villager (Male) |
| 2:28 | Crear | Villager (Male) |
| 2:55 | Crear | Villager (Male) |
| 2:55 | Crear | Villager (Male) |
| 3:41 | Construir | House |
| 3:45 | Crear | Villager (Male) |
| 4:05 | Investigar | Loom |
| 4:31 | Crear | Villager (Male) |
| 4:32 | Crear | Villager (Male) |
| 4:59 | Crear | Villager (Male) |
| 5:13 | Crear | Villager (Male) |
| 5:55 | Crear | Villager (Male) |
| 5:55 | Crear | Villager (Male) |
| 5:59 | Construir | Mill |
| 6:50 | Construir | House |
| 6:55 | Crear | Villager (Male) |
| 8:01 | Investigar | Feudal Age |
| 8:12 | Construir | Lumber Camp |
| 8:18 | Construir | Barracks |
| 8:24 | Construir | Palisade Wall |
| 8:26 | Construir | Palisade Wall |
| 8:37 | Construir | House |
| 8:44 | Crear | Villager (Male) |
| 9:57 | Construir | House |
| 10:02 | Construir | Palisade Wall |
| 10:06 | Construir | Palisade Wall |
| 10:11 | Edad | Edad Feudal |
| 10:13 | Investigar | Double-Bit Axe |
| 10:19 | Construir | Stable |
| 10:39 | Crear | Villager (Male) |
| 10:40 | Crear | Villager (Male) |
| 10:47 | Investigar | Horse Collar |
| 11:02 | Construir | Blacksmith |
| 11:14 | Crear | Scout Cavalry ×3 |
| 11:14 | Crear | Scout Cavalry ×3 |
| 11:23 | Construir | Farm |
| 11:25 | Construir | Farm |
| 11:27 | Construir | Farm |
| 11:29 | Construir | Farm |
| 11:41 | Crear | Villager (Male) |
| 11:41 | Crear | Villager (Male) |
| 11:52 | Crear | Villager (Male) |
| 12:09 | Construir | Farm |
| 12:16 | Construir | Farm |
| 12:25 | Crear | Villager (Male) |
| 12:31 | Crear | Scout Cavalry |
| 12:45 | Construir | House |
| 12:58 | Construir | Farm |
| 12:58 | Construir | Farm |
| 12:58 | Construir | Farm |
| 12:58 | Construir | Farm |
| 12:59 | Construir | Farm |
| 13:12 | Crear | Villager (Male) |
| 13:13 | Crear | Villager (Male) |
| 13:38 | Crear | Villager (Male) |
| 13:46 | Construir | Palisade Wall |
| 13:56 | Construir | Market |
| 13:58 | Construir | House |
| 13:59 | Construir | House |
| 14:13 | Crear | Villager (Male) |
| 14:18 | Construir | Farm |
| 14:25 | Construir | Farm |
Build order — Specimen-7
62 acciones detectadas en el replay
| 0:04 | Construir | House |
| 0:08 | Construir | House |
| 0:15 | Crear | Villager (Male) |
| 0:16 | Crear | Villager (Male) |
| 0:16 | Crear | Villager (Male) |
| 0:16 | Crear | Villager (Male) |
| 0:16 | Crear | Villager (Male) |
| 0:16 | Crear | Villager (Male) |
| 0:17 | Investigar | Loom |
| 1:47 | Crear | Villager (Male) |
| 1:47 | Crear | Villager (Male) |
| 1:48 | Crear | Villager (Male) |
| 2:15 | Crear | Villager (Male) |
| 2:15 | Crear | Villager (Male) |
| 2:16 | Crear | Villager (Male) |
| 2:58 | Crear | Villager (Male) |
| 2:58 | Crear | Villager (Male) |
| 2:58 | Crear | Villager (Male) |
| 3:48 | Crear | Villager (Male) |
| 3:48 | Crear | Villager (Male) |
| 3:48 | Crear | Villager (Male) |
| 3:49 | Crear | Villager (Male) |
| 4:22 | Construir | House |
| 4:49 | Crear | Villager (Male) |
| 4:49 | Crear | Villager (Male) |
| 4:49 | Crear | Villager (Male) |
| 4:50 | Crear | Villager (Male) |
| 5:28 | Construir | Mining Camp |
| 5:44 | Construir | Lumber Camp |
| 5:50 | Crear | Villager (Male) |
| 5:51 | Crear | Villager (Male) |
| 5:51 | Crear | Villager (Male) |
| 5:51 | Crear | Villager (Male) |
| 5:52 | Crear | Villager (Male) |
| 5:52 | Crear | Villager (Male) |
| 5:52 | Crear | Villager (Male) |
| 5:52 | Crear | Villager (Male) |
| 6:18 | Construir | House |
| 7:39 | Construir | Barracks |
| 8:30 | Construir | Mill |
| 8:36 | Crear | Villager (Male) |
| 8:41 | Crear | Militia |
| 9:37 | Investigar | Feudal Age |
| 9:37 | Investigar | Feudal Age |
| 9:37 | Investigar | Feudal Age |
| 10:03 | Crear | Militia |
| 10:11 | Construir | House |
| 10:39 | Crear | Militia |
| 10:45 | Crear | Villager (Male) |
| 10:58 | Construir | House |
| 11:04 | Construir | House |
| 11:19 | Crear | Villager (Male) |
| 11:41 | Crear | Militia |
| 11:47 | Edad | Edad Feudal |
| 11:51 | Investigar | Man-at-Arms (upgrade) |
| 12:08 | Construir | Blacksmith |
| 12:18 | Construir | Mining Camp |
| 12:24 | Crear | Militia |
| 13:39 | Crear | Militia |
| 13:39 | Crear | Militia |
| 13:39 | Crear | Militia |
| 13:40 | Crear | Militia |
Build order — Twelfth
49 acciones detectadas en el replay
| 0:08 | Crear | Villager (Male) |
| 0:09 | Crear | Villager (Male) |
| 0:09 | Crear | Villager (Male) |
| 0:09 | Crear | Villager (Male) |
| 1:34 | Crear | Villager (Male) |
| 2:05 | Crear | Villager (Male) |
| 2:35 | Crear | Villager (Male) |
| 2:49 | Construir | Lumber Camp |
| 2:57 | Crear | Villager (Male) |
| 3:19 | Crear | Villager (Male) |
| 3:19 | Crear | Villager (Male) |
| 4:13 | Crear | Villager (Male) |
| 6:25 | Crear | Villager (Male) |
| 6:25 | Crear | Villager (Male) |
| 6:26 | Crear | Villager (Male) |
| 7:23 | Crear | Villager (Male) |
| 7:24 | Crear | Villager (Male) |
| 7:24 | Crear | Villager (Male) |
| 8:30 | Crear | Villager (Male) |
| 8:37 | Crear | Villager (Male) |
| 8:45 | Construir | Mill |
| 9:52 | Crear | Villager (Male) |
| 11:01 | Construir | Palisade Wall |
| 11:02 | Construir | Palisade Wall |
| 11:05 | Construir | Palisade Wall |
| 11:07 | Construir | Palisade Wall |
| 11:09 | Construir | Palisade Wall |
| 11:11 | Construir | Palisade Wall |
| 11:13 | Construir | Palisade Wall |
| 11:14 | Construir | Palisade Wall |
| 11:16 | Construir | Palisade Wall |
| 11:18 | Construir | Palisade Wall |
| 11:23 | Investigar | Feudal Age |
| 11:24 | Crear | Villager (Male) |
| 11:25 | Crear | Villager (Male) |
| 11:50 | Construir | Barracks |
| 12:03 | Construir | Farm |
| 12:04 | Construir | Farm |
| 12:06 | Construir | Farm |
| 12:10 | Construir | Farm |
| 12:25 | Construir | Palisade Wall |
| 13:19 | Construir | Farm |
| 13:30 | Construir | Mining Camp |
| 13:33 | Edad | Edad Feudal |
| 13:37 | Construir | Mining Camp |
| 13:58 | Construir | Stable |
| 14:13 | Investigar | Wheelbarrow |
| 14:15 | Crear | Villager (Male) |
| 14:15 | Crear | Villager (Male) |
Build order — Kita
45 acciones detectadas en el replay
| 0:01 | Crear | Villager (Male) |
| 0:01 | Crear | Villager (Male) |
| 0:01 | Crear | Villager (Male) |
| 0:02 | Crear | Villager (Male) |
| 0:02 | Crear | Villager (Male) |
| 1:42 | Crear | Villager (Male) |
| 1:43 | Crear | Villager (Male) |
| 1:58 | Construir | Lumber Camp |
| 2:17 | Crear | Villager (Male) |
| 3:06 | Crear | Villager (Male) |
| 3:06 | Crear | Villager (Male) |
| 3:06 | Crear | Villager (Male) |
| 3:53 | Crear | Villager (Male) |
| 3:54 | Crear | Villager (Male) |
| 4:29 | Construir | Mill |
| 5:34 | Crear | Villager (Male) |
| 5:34 | Crear | Villager (Male) |
| 5:35 | Crear | Villager (Male) |
| 5:37 | Crear | Villager (Male) |
| 5:40 | Crear | Villager (Male) |
| 6:07 | Crear | Villager (Male) |
| 6:08 | Investigar | Loom |
| 7:31 | Construir | Farm |
| 8:22 | Construir | Farm |
| 8:56 | Investigar | Feudal Age |
| 8:56 | Investigar | Feudal Age |
| 10:42 | Construir | Barracks |
| 11:06 | Edad | Edad Feudal |
| 11:11 | Investigar | Horse Collar |
| 11:13 | Investigar | Double-Bit Axe |
| 11:20 | Construir | Mining Camp |
| 11:45 | Construir | Farm |
| 11:55 | Construir | Stable |
| 12:27 | Crear | Villager (Male) |
| 12:28 | Crear | Villager (Male) |
| 12:28 | Crear | Villager (Male) |
| 12:29 | Crear | Villager (Male) |
| 12:29 | Crear | Villager (Male) |
| 12:29 | Crear | Villager (Male) |
| 12:30 | Investigar | Wheelbarrow |
| 12:58 | Crear | Scout Cavalry |
| 13:32 | Crear | Scout Cavalry |
| 13:32 | Crear | Scout Cavalry |
| 13:55 | Construir | Farm |
| 14:30 | Construir | Outpost |
Cronología de la partida
| 7:39 | Specimen-7 · first_building Barracks |
| 8:18 | HubHarshlyCream · first_building Barracks |
| 8:24 | HubHarshlyCream · wall_segment Palisade Wall x6 |
| 8:26 | HubHarshlyCream · wall_segment Palisade Wall x5 |
| 10:02 | HubHarshlyCream · wall_segment Palisade Wall x9 |
| 10:06 | HubHarshlyCream · wall_segment Palisade Wall x1 |
| 10:11 | HubHarshlyCream · age_up feudal |
| 10:19 | HubHarshlyCream · first_building Stable |
| 10:42 | Kita · first_building Barracks |
| 11:01 | Twelfth · wall_segment Palisade Wall x1 |
| 11:02 | Twelfth · wall_segment Palisade Wall x1 |
| 11:05 | Twelfth · wall_segment Palisade Wall x1 |
| 11:06 | Kita · age_up feudal |
| 11:07 | Twelfth · wall_segment Palisade Wall x1 |
| 11:09 | Twelfth · wall_segment Palisade Wall x1 |
| 11:11 | Twelfth · wall_segment Palisade Wall x1 |
| 11:13 | Twelfth · wall_segment Palisade Wall x1 |
| 11:14 | Twelfth · wall_segment Palisade Wall x1 |
| 11:16 | Twelfth · wall_segment Palisade Wall x1 |
| 11:18 | Twelfth · wall_segment Palisade Wall x1 |
| 11:47 | Specimen-7 · age_up feudal |
| 11:50 | Twelfth · first_building Barracks |
| 11:55 | Kita · first_building Stable |
| 12:25 | Twelfth · wall_segment Palisade Wall x1 |
| 13:33 | Twelfth · age_up feudal |
| 13:46 | HubHarshlyCream · wall_segment Palisade Wall x11 |
| 13:58 | Twelfth · first_building Stable |
| 14:53 | Twelfth · resign |
[ ANÁLISIS IA · 1 CRÉDITO ]
¿Qué pasó realmente en esta partida?
Wolo.gg analiza cada decisión: build order, eco, micro, errores típicos por bracket. Análisis personalizado por WhatsApp o Discord en 30 segundos.
Guía civ
Japoneses
Guía mapa
Oasis
Perfil
HubHarshlyCream